 Dungeon Crawl Stone Soup version 0.19.0-11-g3fc08b3 (webtiles) character file.

120 Chiseanne the Stinger (level 4, -1/36 HPs)
             Began as a Centaur Venom Mage on Nov 8, 2016.
             Killed by divine providence
             ... invoked by an orc priest
              (12 damage)
             ... on level 3 of the Dungeon.
             The game lasted 00:04:31 (3077 turns).

Chiseanne the Stinger (Centaur Venom Mage)          Turns: 3077, Time: 00:04:32

Health: -1/36      AC: 10    Str: 10    XL:     4   Next: 75%
Magic:  7/7        EV:  8    Int: 14    God:
Gold:   218        SH:  0    Dex: 11    Spells: 1 memorised, 6 levels left

rFire  . . .     SeeInvis .     a - +3 short sword (flame)
rCold  . . .     Gourm    .     t - +0 ring mail
rNeg   . . .     Faith    .     (no shield)
rPois  .         Spirit   .     u - +0 helmet
rElec  .         Reflect  .     s - +0 cloak
rCorr  .         Harm     .     r - +2 pair of gloves
MR     .....                    (no barding)
Stlth  ..........               (no amulet)
                                (no ring)
                                (no ring)

@: very quick
A: hooves 3, deformed body, speed 2, tough skin 3
a: no special abilities


You were on level 3 of the Dungeon.
You were not hungry.

You visited 1 branch of the dungeon, and saw 3 of its levels.

You collected 218 gold pieces.

Inventory:

Hand Weapons
 a - a +3 short sword of flaming (weapon)
Missiles
 f - 134 stones (quivered)
 h - 2 javelins
 j - 57 arrows
Armour
 r - a +2 pair of gloves (worn)
 s - a +0 cloak (worn)
 t - a +0 ring mail (worn)
 u - a +0 helmet (worn)
Scrolls
 g - a scroll of enchant armour {unknown}
 l - a scroll of identify
 m - 2 scrolls of remove curse
Potions
 e - a potion of magic
 i - a potion of curing
 k - a potion of degeneration {unknown}
 p - 2 potions of ambrosia
Books
 b - a Young Poisoner's Handbook

   Spells                             Type                      Level
   a - Sting                          Conjuration/Poison           1
   b - Mephitic Cloud                 Conjuration/Poison/Air       3
   c - Olgreb's Toxic Radiance        Poison                       4
   d - Alistair's Intoxication        Transmutation/Poison         5
   e - Venom Bolt                     Conjuration/Poison           5
 d - a book of Misfortune

   Spells                             Type                      Level
   a - Confusing Touch                Hexes                        1
   b - Confuse                        Hexes                        3
   c - Gell's Gravitas                Hexes/Translocation          3
   d - Petrify                        Transmutation/Earth          4
   e - Metabolic Englaciation         Hexes/Ice                    5
   f - Yara's Violent Unravelling     Hexes/Transmutation          5
Comestibles
 c - 4 bread rations
 n - 4 meat rations
 o - a slice of pizza
 q - 4 fruits
 v - 4 chunks of flesh


   Skills:
 * Level 1.7 Fighting
 * Level 0.0 Armour
 - Level 2.2 Dodging
 - Level 1.1 Stealth
 * Level 2.3 Spellcasting
 * Level 3.8 Poison Magic


You had 6 spell levels left.
You knew the following spells:

 Your Spells              Type           Power        Failure   Level  Hunger
a - Sting                 Conj/Pois      #...         28%         1    #......


Dungeon Overview and Level Annotations

Branches:
Dungeon (3/15)

Altars:
Kikubaaqudgha
Xom


Innate Abilities, Weirdness & Mutations

You have hooves in place of feet.
Armour fits poorly on your strangely shaped body.
You cover ground very quickly.
You have extremely tough skin. (AC +3)


Message History

You hit the orc. You burn the orc.
The orc is moderately wounded.
The orc hits you but does no damage. x2
You barely miss the orc.
The orc is moderately wounded.
The orc barely misses you. The orc hits you but does no damage.
You hit the orc. You burn the orc.
You kill the orc!
The orc priest calls down the wrath of Beogh upon you.
Beogh smites you! The orc hits you but does no damage.
You hit the orc. You burn the orc.
You kill the orc!
The orc hits you.
The orc priest mumbles some strange prayers to Beogh against you.
Beogh smites you!
* * * LOW HITPOINT WARNING * * *
You feel better. The orc hits you but does no damage.
The orc priest mumbles some strange prayers to Beogh against you.
Beogh smites you!
You die...

#.## # #.## #
#..## ## ####...##
##o ####.......##
##..
#...........###...
#..########.##....
#...##... #..'....
#@[....≈_ #.......
#ooo..≈.. #..##...
#..≈≈.≈.. #..###..
#..≈≈≈≈.. #..# ##.
#.≈≈≈≈≈.. #.## ##
#..≈≈≈≈.. #.# #
##.≈≈.≈.⌠ .. #
.......


You could see 2 orc priests and an orc.

Vanquished Creatures
  5 adders
  A worm (D:2)
  2 leopard geckos (D:3)
  5 orcs (D:3)
  8 bats
  6 giant cockroaches
  8 goblins
  10 hobgoblins
  7 frilled lizards
  2 kobolds
  9 rats
63 creatures vanquished.

Notes
Turn   | Place    | Note
-------+----------+-------------------------------------------
     0 | D:1      | Chiseanne the Centaur Venom Mage began the quest for the Orb.
     0 | D:1      | Reached XP level 1. HP: 14/14 MP: 3/3
   228 | D:1      | Reached XP level 2. HP: 22/22 MP: 4/4
   415 | D:1      | Reached skill level 1 in Fighting
   762 | D:2      | Reached XP level 3. HP: 27/28 MP: 5/5
  1999 | D:3      | Found a shimmering altar of Xom.
  2129 | D:3      | Reached XP level 4. HP: 35/35 MP: 7/7
  3068 | D:3      | Found an ancient bone altar of Kikubaaqudgha.
  3077 | D:3      | Killed from afar by an orc priest

Skill      XL: |  1  2  3 |
---------------+----------+-----
Fighting       | 1 |  1.7
Spellcasting   | 2 |  2.3
Dodging        | 2 |  2.2
Stealth        | |  1.1
Poison Magic   | |  3.8

Action                   |  1- 3 |  4- 6 || total
-------------------------+-------+-------++-------
Melee: Short sword       |   151 |    49 ||   200
       Unarmed           |     5 |       ||     5
       Kick              |    17 |     6 ||    23
 Cast: Sting             |     8 |     7 ||    15
  Use: Scroll            |     8 |     1 ||     9
       Potion            |       |     1 ||     1
  Eat: Chunk             |     3 |     3 ||     6
Armor: Robe              |    62 |    13 ||    75
       Ring mail         |       |    13 ||    13
Dodge: Dodged            |    87 |    20 ||   107
